[Event "Titled Tuesday Blitz March 28 Early 2023"]
[White "Sousa, Andre Ventura"]
[Black "Vovk, Orest"]
[WhiteFideId "1917617"]
[BlackFideId "14113490"]
[WhiteElo "2348"]
[BlackElo "2215"]
[Result "1-0"]
[Round "02"]
[TimeControl "180+2"]
[Date "2023.03.28"]
[WhiteClock "0:00:57"]
[BlackClock "0:00:03"]

1. d4 h6 2. e4 g5 3. Nc3 Bg7 4. Be3 c5 5. Nge2 cxd4 6. Bxd4 Bxd4 7. Qxd4 Nf6 8. Ng3 Nc6 9. Qd2 d6 10. h4 g4 11. O-O-O Qa5 12. Kb1 Be6 13. h5 a6 14. Nd5 Qxd2 15. Nxf6+ exf6 16. Rxd2 Ke7 17. Be2 Ne5 18. Rhd1 Rhd8 19. a4 Rac8 20. b3 Rc6 21. Rd4 Rdc8 22. R1d2 Rd8 23. Rb4 Rd7 24. Kb2 Rdc7 25. Nf1 f5 26. Ne3 fxe4 27. Rxe4 f5 28. Rf4 Rc5 29. b4 Nc4+ 30. Bxc4 Rxc4 31. Nxc4 Rxc4 32. Rxc4 Bxc4 33. g3 Bf7 34. Kc3 Bxh5 35. Kd4 Bf7 36. c4 Be8 37. b5 axb5 38. cxb5 b6 39. Rc2 Bf7 40. Rc6 Bb3 41. Rxb6 Bxa4 42. Kc4 Bd1 43. Rb7+ Kd8 44. Rh7 Bf3 45. b6 Kc8 46. Kb5 Kb8 47. Rd7 d5 48. Kc6 d4+ 49. Kc5 Be4 50. Rxd4 Kb7 51. Rd6 Kc8 52. Rxh6 Kb7 53. Rh7+ Kb8 54. Rf7 Kc8 55. Kd6 Kb8 56. Ke5 Bf3 57. Rxf5 Kb7 58. Rxf3 1-0


[Site "https://www.chess.com"]

[Event "Titled Tuesday Blitz March 28 Early 2023"]
[White "Toropov, Pavel"]
[Black "Shkuran, Danylo"]
[WhiteFideId "24129178"]
[BlackFideId "14106248"]
[WhiteElo "2182"]
[BlackElo "2427"]
[Result "1-0"]
[Round "02"]
[TimeControl "180+2"]
[Date "2023.03.28"]
[WhiteClock "0:00:20"]
[BlackClock "0:00:03"]

1. e4 e6 2. Nf3 d5 3. Nc3 c5 4. exd5 exd5 5. d4 c4 6. Be2 Nf6 7. O-O Bd6 8. Bg5 Be6 9. h3 h6 10. Bh4 Nbd7 11. Qd2 a6 12. Rae1 Qc7 13. Bxf6 gxf6 14. Nxd5 Bxd5 15. Bxc4+ Be6 16. d5 Qxc4 17. dxe6 fxe6 18. Qxd6 O-O-O 19. Qxe6 Qc5 20. Re3 Kb8 21. Rc3 Qb6 22. Qxb6 Nxb6 23. Re1 Rd6 24. b3 Rg8 25. Rce3 Ka7 26. c4 Nd7 27. Re6 Rd3 28. Kf1 h5 29. R6e3 Rd6 30. R3e2 Nc5 31. Rd2 Rb6 32. Rd5 Ne6 33. g3 h4 34. Nxh4 Ng5 35. Kg2 Rc6 36. Nf5 Ne6 37. Kh2 Rh8 38. Ne7 Rb6 39. Kg2 Ng5 40. h4 Nf7 41. f4 Nd6 42. Kf3 Rh7 43. Re6 Nc8 44. Nxc8+ Kb8 45. Nxb6 Ka7 46. Rd8 f5 47. Ra8# 1-0


[Site "https://www.chess.com"]

[Event "Titled Tuesday Blitz March 28 Early 2023"]
[White "Koellner, Ruben Gideon"]
[Black "Silvestre, Christian"]
[WhiteFideId "12993093"]
[BlackFideId "30956269"]
[WhiteElo "2303"]
[BlackElo "2371"]
[Result "1-0"]
[Round "02"]
[TimeControl "180+2"]
[Date "2023.03.28"]
[WhiteClock "0:01:51"]
[BlackClock "0:02:12"]

1. d4 Nf6 2. Nf3 g6 3. Nbd2 Bg7 4. e4 O-O 5. Bc4 e6 6. Bd3 d5 7. e5 Nfd7 8. c3 c5 9. h4 h5 10. Nf1 b6 11. Bg5 Qc7 12. Ne3 Ba6 13. g4 cxd4 14. cxd4 hxg4 15. Nxg4 Bxd3 16. Qxd3 Nc6 17. Rc1 Qb7 18. h5 Nb4 19. Qd2 Nxa2 20. Ra1 Qa6 21. h6 f6 22. hxg7 fxg5 23. gxf8=Q+ Rxf8 24. Qxg5 Qd3 25. Nf6+ Nxf6 26. exf6 Nb4 27. Rh8+ Kf7 28. Ne5+ 1-0


[Site "https://www.chess.com"]

[Event "Titled Tuesday Blitz March 28 Early 2023"]
[White "BenchGM"]
[Black "lemayvega"]
[WhiteElo "2366"]
[BlackElo "2529"]
[Result "0-1"]
[Round "02"]
[TimeControl "180+2"]
[Date "2023.03.28"]
[WhiteClock "0:00:14"]
[BlackClock "0:00:15"]

1. d4 Nf6 2. Bg5 c5 3. d5 Qb6 4. Nc3 d6 5. Qc1 Bf5 6. Nf3 Nbd7 7. Nd2 h6 8. Bh4 g5 9. Bg3 Bg7 10. e4 Bg6 11. Nc4 Qc7 12. Bd3 Nh5 13. Nb5 Qb8 14. f3 Nxg3 15. hxg3 a6 16. Nc3 b5 17. Na5 c4 18. Nc6 Qb6 19. Be2 Ne5 20. Nd1 Nxc6 21. dxc6 Qxc6 22. c3 O-O 23. Ne3 f5 24. exf5 Bxf5 25. Nxf5 Rxf5 26. Qc2 Rd5 27. f4 Rf8 28. Bf3 gxf4 29. Qe4 Re5 30. Qxe5 Bxe5 31. Bxc6 fxg3 32. O-O-O Rf2 33. Bd5+ Kg7 34. Rdf1 Kg6 35. Rxf2 gxf2 36. Rf1 Bg3 37. Kd1 Kg5 38. Ke2 Kf4 39. Bf3 e5 40. Rh1 e4 41. Bh5 d5 42. Bf7 Ke5 43. Rh5+ Kf6 44. Bxd5 e3 45. Rxh6+ Ke5 46. Bf3 a5 47. Ra6 b4 48. Rxa5+ Kf4 49. cxb4 Bh2 50. Rc5 Bg1 51. Rxc4+ Kg3 52. Rg4+ Kh2 53. b5 Kh1 54. Rh4+ Bh2 55. b6 Kg1 56. Rxh2 f1=Q+ 57. Kxe3 Kxh2 58. b7 Qb5 59. Ke4 Qxb7+ 60. Ke5 Qxb2+ 61. Kd6 Qa3+ 62. Ke5 Qxa2 63. Kd6 Qb2 64. Ke6 Kg3 65. Kd6 Qd2+ 66. Ke6 Qf4 0-1


[Site "https://www.chess.com"]

[Event "Titled Tuesday Blitz March 28 Early 2023"]
[White "Hajiyev, Kanan"]
[Black "Zheenbekov, Nurgazy"]
[WhiteFideId "13404148"]
[BlackFideId "13800485"]
[WhiteElo "2103"]
[BlackElo "1975"]
[Result "0-1"]
[Round "02"]
[TimeControl "180+2"]
[Date "2023.03.28"]
[WhiteClock "0:00:05"]
[BlackClock "0:00:13"]

1. d4 Nf6 2. Nf3 e6 3. c4 d5 4. cxd5 exd5 5. Nc3 Be7 6. Qc2 O-O 7. Bg5 c6 8. e3 Nbd7 9. Bd3 Re8 10. O-O Ne4 11. Bf4 Nef6 12. h3 Nf8 13. Rab1 a5 14. a3 Bd6 15. Ne5 Ng6 16. Nxg6 hxg6 17. Bxd6 Qxd6 18. b4 axb4 19. axb4 Be6 20. b5 c5 21. dxc5 Qxc5 22. Rfc1 Nd7 23. Ne2 Qxc2 24. Bxc2 Ne5 25. Bb3 Rec8 26. Nf4 Nc4 27. Bxc4 dxc4 28. Rb4 c3 29. Nxe6 fxe6 30. Rb3 Ra5 31. b6 Ra6 32. Rc2 Rc6 33. Kf1 Kf7 34. Ke2 Raxb6 35. Rxb6 Rxb6 36. Rxc3 Rb2+ 37. Kf3 b5 38. Rc7+ Kf6 39. Rb7 g5 40. e4 b4 41. Kg3 b3 42. f3 Rb1 43. Kg4 b2 44. g3 g6 45. h4 gxh4 46. f4 e5 47. Rb6+ Ke7 48. fxe5 h3 49. Rb7+ Ke6 50. Rb6+ Kxe5 51. Rb5+ Kxe4 52. Rb4+ Kd3 53. Kxh3 Rh1+ 54. Kg4 b1=Q 55. Rxb1 Rxb1 56. Kg5 Rb6 0-1


[Site "https://www.chess.com"]

[Event "Titled Tuesday Blitz March 28 Early 2023"]
[White "Bochnicka, Vladimir"]
[Black "Hirneise, Jens"]
[WhiteFideId "14943450"]
[BlackFideId "24614734"]
[WhiteElo "2094"]
[BlackElo "2345"]
[Result "1-0"]
[Round "02"]
[TimeControl "180+2"]
[Date "2023.03.28"]
[WhiteClock "0:00:41"]
[BlackClock "0:00:10"]

1. e4 e5 2. Nf3 Nf6 3. Nxe5 d6 4. Nf3 Nxe4 5. Qe2 Qe7 6. d3 Nf6 7. Bg5 Be6 8. Nc3 Nc6 9. O-O-O O-O-O 10. d4 Bg4 11. h3 Bh5 12. g4 Bg6 13. Qb5 h6 14. Bh4 Qd7 15. Bg2 Be7 16. Rhe1 Rhe8 17. Ne5 dxe5 18. dxe5 Nd5 19. Rxd5 Qe6 20. Bxe7 Rxe7 21. f4 Rxd5 22. Bxd5 Qd7 23. f5 Bh7 24. e6 Qe8 25. Rd1 fxe6 26. Bxe6+ Kb8 27. Nd5 Rxe6 28. fxe6 Qxe6 29. Nb4 Kc8 30. Nxc6 Qxc6 31. Qxc6 bxc6 32. Rf1 Be4 33. Rf7 g5 34. Rf6 1-0


[Site "https://www.chess.com"]

[Event "Titled Tuesday Blitz March 28 Early 2023"]
[White "Migot, Tangi"]
[Black "Shukhman, Anna"]
[WhiteFideId "662445"]
[BlackFideId "54180058"]
[WhiteElo "2527"]
[BlackElo "2125"]
[Result "0-1"]
[Round "02"]
[TimeControl "180+2"]
[Date "2023.03.28"]
[WhiteClock "0:02:00"]
[BlackClock "0:00:50"]

1. f4 e5 2. e4 d5 3. exd5 e4 4. Nc3 Nf6 5. d3 Bb4 6. Ne2 O-O 7. dxe4 Nxe4 8. Qd3 Re8 9. Be3 Bf5 10. Qb5 Nxc3 11. Qxb4 Nxd5 12. Qxb7 Nxe3 13. Qxa8 Nxc2+ 14. Kf2 Qd6 15. Rc1 Qb6+ 16. Kg3 Re3+ 17. Qf3 Rxf3+ 18. gxf3 Ne3 19. Rc3 Nd1 0-1


[Site "https://www.chess.com"]

[Event "Titled Tuesday Blitz March 28 Early 2023"]
[White "Defend1r"]
[Black "Manon-og, Ramon Jr."]
[BlackFideId "5200776"]
[WhiteElo "2525"]
[BlackElo "2347"]
[Result "1-0"]
[Round "02"]
[TimeControl "180+2"]
[Date "2023.03.28"]
[WhiteClock "0:00:57"]
[BlackClock "0:00:07"]

1. e4 c5 2. Nf3 d6 3. c3 Nf6 4. h3 g6 5. Bd3 Bg7 6. Bc2 O-O 7. d4 cxd4 8. cxd4 b6 9. Nc3 Bb7 10. O-O Nbd7 11. Re1 Rc8 12. Bb3 e6 13. Bf4 Nb8 14. Qe2 Nc6 15. e5 Nh5 16. Bh2 dxe5 17. dxe5 Nd4 18. Nxd4 Qxd4 19. Rad1 Qb4 20. Ne4 Bh6 21. Qf3 Rc7 22. g4 Ng7 23. Bf4 Bxf4 24. Qxf4 Bxe4 25. Rxe4 Qe7 26. Red4 h5 27. Kg2 Qh4 28. Rd7 Rxd7 29. Rxd7 hxg4 30. hxg4 Nf5 31. Rxa7 Nh6 32. Bd1 Rd8 33. Bf3 g5 34. Qf6 Rf8 35. Ra4 Rc8 36. Rd4 Kh7 37. Rd7 Rf8 38. Qxe6 Kg7 39. Qf6+ Kg8 40. Rd8 Nxg4 41. Rxf8+ Kxf8 42. Qd6+ Kg7 43. Qd4 Qh2+ 44. Kf1 Nxe5 45. Bg2 g4 46. a4 f6 47. Qxb6 Nf3 48. Qb7+ Kg6 49. Bxf3 gxf3 50. Qxf3 Qe5 51. Qg3+ Qxg3 52. fxg3 Kf5 53. a5 Ke4 54. a6 Kd5 55. a7 Kc6 56. a8=Q+ 1-0


[Site "https://www.chess.com"]

[Event "Titled Tuesday Blitz March 28 Early 2023"]
[White "ArtemDyachuk"]
[Black "Rangel, Daniel"]
[BlackFideId "2124475"]
[WhiteElo "2346"]
[BlackElo "2256"]
[Result "0-1"]
[Round "02"]
[TimeControl "180+2"]
[Date "2023.03.28"]
[WhiteClock "0:01:01"]
[BlackClock "0:02:36"]

1. e4 c5 2. Nf3 g6 3. d4 cxd4 4. Qxd4 Nf6 5. e5 Nc6 6. Qh4 Nxe5 7. Be2 Nc6 8. Nc3 Bg7 9. Bh6 O-O 10. Ng5 d5 11. Bf3 Nd4 12. Bxd5 Nf5 0-1


[Site "https://www.chess.com"]

[Event "Titled Tuesday Blitz March 28 Early 2023"]
[White "Arencibia Monduy, Antonio"]
[Black "Real_taiatai"]
[WhiteFideId "3507939"]
[WhiteElo "2522"]
[BlackElo "2343"]
[Result "0-1"]
[Round "02"]
[TimeControl "180+2"]
[Date "2023.03.28"]
[WhiteClock "0:00:06"]
[BlackClock "0:00:16"]

1. e4 c5 2. Nf3 Nc6 3. c3 Nf6 4. e5 Nd5 5. d4 cxd4 6. cxd4 d6 7. exd6 e6 8. Nc3 Qxd6 9. Bd3 Be7 10. O-O O-O 11. Qe2 Nf4 12. Bxf4 Qxf4 13. d5 Nb4 14. Bc4 Bf6 15. dxe6 fxe6 16. Bxe6+ Kh8 17. Bxc8 Raxc8 18. Rfc1 Nd5 19. Qb5 Nxc3 20. bxc3 Rxc3 21. Rxc3 Bxc3 22. Rd1 b6 23. Qd7 a5 24. Qc6 Qf6 25. Qc7 Bb4 26. h3 Bc5 27. Qd7 h6 28. Qd3 Qe6 29. a4 Qa2 30. Rd2 Qxa4 31. Ne5 Qa1+ 32. Kh2 Qxe5+ 33. g3 Bxf2 34. Re2 Bxg3+ 35. Kg2 Qxe2+ 36. Qxe2 Rf2+ 37. Qxf2 Bxf2 38. Kxf2 0-1


[Site "https://www.chess.com"]

[Event "Titled Tuesday Blitz March 28 Early 2023"]
[White "Fernandez Siles, Luis"]
[Black "Ronka, Erik"]
[WhiteFideId "2209420"]
[BlackFideId "505080"]
[WhiteElo "2186"]
[BlackElo "2264"]
[Result "1-0"]
[Round "02"]
[TimeControl "180+2"]
[Date "2023.03.28"]
[WhiteClock "0:00:47"]
[BlackClock "0:00:24"]

1. d4 d5 2. c4 c6 3. Nc3 Nf6 4. cxd5 cxd5 5. Bf4 Nc6 6. e3 Bf5 7. Qb3 Na5 8. Bb5+ Bd7 9. Qa4 Nc6 10. Qd1 e6 11. Rc1 Be7 12. Nf3 O-O 13. O-O Rc8 14. Bd3 a6 15. Ne5 Nxe5 16. Bxe5 Bc6 17. Qf3 Bd6 18. Qh3 g6 19. f3 b5 20. Ne2 Bb7 21. Rcd1 b4 22. Qh6 Bxe5 23. dxe5 Nd7 24. f4 Qe7 25. Nd4 a5 26. Rf3 Nc5 27. Rh3 f6 28. Bxg6 Rc7 29. Bb1 Kh8 30. Nf3 Ne4 31. Nd4 Ba6 32. Nxe6 Rf7 33. Nxc7 Qxc7 34. Bxe4 dxe4 35. e6 Rg7 36. Qxf6 Bd3 37. Rg3 1-0


[Site "https://www.chess.com"]

[Event "Titled Tuesday Blitz March 28 Early 2023"]
[White "Sanchez Alvares, Kelvin Antonio"]
[Black "Fathy, Elameir"]
[WhiteFideId "3906680"]
[BlackFideId "10600396"]
[WhiteElo "2217"]
[BlackElo "2311"]
[Result "1-0"]
[Round "02"]
[TimeControl "180+2"]
[Date "2023.03.28"]
[WhiteClock "0:00:05"]
[BlackClock "0:01:45"]

1. e4 c6 2. d4 d5 3. e5 Bf5 4. Nc3 e6 5. g4 Bg6 6. Nge2 c5 7. h4 h5 8. Nf4 Bh7 9. Nxh5 Nc6 10. Bb5 Ne7 11. Bg5 Qb6 12. dxc5 Qxc5 13. Be3 Qb4 14. Bd4 Qxb2 15. Nxd5 Qxc2 16. Ndf6+ gxf6 17. Nxf6+ Kd8 18. Bb6+ Kc8 19. Qd7+ Kb8 20. Bc7# 1-0


[Site "https://www.chess.com"]

[Event "Titled Tuesday Blitz March 28 Early 2023"]
[White "crosky"]
[Black "Kozin, Yuri"]
[BlackFideId "4129920"]
[WhiteElo "2339"]
[BlackElo "2520"]
[Result "0-1"]
[Round "02"]
[TimeControl "180+2"]
[Date "2023.03.28"]
[WhiteClock "0:00:41"]
[BlackClock "0:00:33"]

1. c4 c6 2. Nf3 d5 3. e3 Nf6 4. Nc3 a6 5. Be2 Bf5 6. Qb3 b5 7. cxd5 cxd5 8. a4 bxa4 9. Qb7 Nbd7 10. Nxd5 Nxd5 11. Qxd5 e6 12. Qd4 Nc5 13. O-O Bd6 14. Qxg7 Rf8 15. d4 Nb3 16. Rxa4 Qc7 17. Bxa6 Nxc1 18. Bb5+ Ke7 19. Qg5+ f6 20. Qg7+ Rf7 21. Qxf7+ Kxf7 22. Rxa8 Bd3 23. Be8+ Kg7 24. Rd1 Be2 25. Re1 Nd3 26. Rea1 Bxf3 27. gxf3 Qc2 28. R1a7+ Kh6 0-1


[Site "https://www.chess.com"]

[Event "Titled Tuesday Blitz March 28 Early 2023"]
[White "Shevtchenko, Olesya"]
[Black "Ovezdurdyyeva, Jemal"]
[WhiteFideId "24131890"]
[BlackFideId "14001888"]
[WhiteElo "2003"]
[BlackElo "2043"]
[Result "1-0"]
[Round "02"]
[TimeControl "180+2"]
[Date "2023.03.28"]
[WhiteClock "0:01:25"]
[BlackClock "0:00:03"]

1. e4 d6 2. d4 Nf6 3. Nc3 g6 4. Nf3 c6 5. Be3 b5 6. Bd3 a5 7. e5 dxe5 8. dxe5 Nd5 9. Nxd5 Qxd5 10. Qe2 Bg7 11. c4 bxc4 12. Bxc4 Qd8 13. Rd1 Qc7 14. O-O O-O 15. h3 Bf5 16. Bc5 h6 17. g4 Bc8 18. Qe4 Na6 19. Be3 Kh7 20. Rfe1 Rb8 21. h4 Rxb2 22. h5 f5 23. exf6 Rxf6 24. hxg6+ Kh8 25. Ng5 Rb4 26. Nf7+ Rxf7 27. gxf7 e5 28. a3 Ra4 29. Qd3 e4 30. Qd8+ 1-0


[Site "https://www.chess.com"]

[Event "Titled Tuesday Blitz March 28 Early 2023"]
[White "Gutkin, Ilya"]
[Black "Ljukin, Sergei"]
[WhiteFideId "16203470"]
[BlackFideId "14102200"]
[WhiteElo "2265"]
[BlackElo "2312"]
[Result "1-0"]
[Round "02"]
[TimeControl "180+2"]
[Date "2023.03.28"]
[WhiteClock "0:01:21"]
[BlackClock "0:00:27"]

1. Nf3 d5 2. g3 Nc6 3. d4 Bg4 4. Bg2 Qd7 5. h3 Bxf3 6. Bxf3 O-O-O 7. e3 e5 8. dxe5 Nxe5 9. Bg2 h5 10. h4 Nf6 11. O-O Kb8 12. b3 Bd6 13. Bb2 Rdg8 14. Nd2 g5 15. hxg5 Rxg5 16. Nf3 Nxf3+ 17. Qxf3 Rf5 18. Qe2 Rh6 19. Bh3 Ng4 20. Bxg4 hxg4 21. Qxg4 b6 22. f4 Rg6 23. Qf3 c5 24. Kf2 d4 25. e4 Rff6 26. Rae1 Qh3 27. Rh1 1-0


[Site "https://www.chess.com"]

[Event "Titled Tuesday Blitz March 28 Early 2023"]
[White "Moral Garcia, Serafin"]
[Black "Buscar, Michael"]
[WhiteFideId "2201925"]
[BlackFideId "2603616"]
[WhiteElo "2254"]
[BlackElo "2010"]
[Result "1-0"]
[Round "02"]
[TimeControl "180+2"]
[Date "2023.03.28"]
[WhiteClock "0:01:30"]
[BlackClock "0:00:16"]

1. c4 Nf6 2. Nc3 e6 3. Nf3 b6 4. d4 Bb7 5. e3 c5 6. d5 exd5 7. cxd5 d6 8. Bc4 a6 9. a4 g6 10. O-O Bg7 11. e4 Nbd7 12. Bf4 Qc7 13. h3 O-O 14. Re1 Nh5 15. Bh2 Rae8 16. Qd3 Ra8 17. g4 Nhf6 18. e5 dxe5 19. Nxe5 Nxe5 20. Bxe5 Qd7 21. Rad1 Rfe8 22. Qf3 Rxe5 23. Rxe5 Nxg4 24. Re4 Ne5 25. Qg3 Nxc4 26. Rxc4 b5 27. Rxc5 Rc8 28. Rxc8+ Bxc8 29. d6 Bb7 30. axb5 axb5 31. Qe3 Qc6 32. Nd5 Bxb2 33. Ne7+ 1-0


[Site "https://www.chess.com"]

[Event "Titled Tuesday Blitz March 28 Early 2023"]
[White "Zampronha, Wladimir Camilo"]
[Black "Reprintsev, Alexander"]
[WhiteFideId "2103087"]
[BlackFideId "14100541"]
[WhiteElo "2176"]
[BlackElo "2229"]
[Result "1/2-1/2"]
[Round "02"]
[TimeControl "180+2"]
[Date "2023.03.28"]
[WhiteClock "0:00:04"]
[BlackClock "0:00:51"]

1. e4 e5 2. Nf3 Nc6 3. d4 exd4 4. Nxd4 Nf6 5. Nxc6 bxc6 6. e5 Qe7 7. Qe2 Nd5 8. c4 Ba6 9. b3 Nb6 10. Bb2 d6 11. exd6 cxd6 12. Qxe7+ Kxe7 13. Be2 Re8 14. O-O Kd8 15. Bf3 Kc7 16. Nc3 Be7 17. Rac1 Bf6 18. Ba3 Bxc3 19. Rxc3 c5 20. Bc1 Bb7 21. Bxb7 Kxb7 22. Bf4 Re6 23. Rd3 Kc6 24. Rfd1 Nc8 25. Kf1 Rhe8 26. h3 f6 27. g4 g5 28. Bg3 h6 29. R3d2 R8e7 30. Rd3 Rd7 31. R3d2 a6 32. Re2 Rxe2 33. Kxe2 Re7+ 34. Kf1 Re6 35. Re1 Rxe1+ 36. Kxe1 d5 37. cxd5+ Kxd5 38. f3 c4 39. Kd2 cxb3 40. axb3 Nd6 41. Kc3 Nb5+ 42. Kb4 Nd4 43. f4 Ke4 44. fxg5 hxg5 45. Kc4 Nf3 46. Kc5 Ng1 47. h4 gxh4 48. Bxh4 Ke5 49. Kb6 Nf3 50. Bg3+ Kd5 51. Kxa6 Ne5 52. b4 Nc6 53. b5 Nb4+ 54. Ka5 Nd3 55. Bh4 Ne5 56. Bxf6 Nxg4 57. b6 Nxf6 58. b7 Nd7 59. b8=Q Nxb8 1/2-1/2


[Site "https://www.chess.com"]

[Event "Titled Tuesday Blitz March 28 Early 2023"]
[White "Estrada Nieto, Julian"]
[Black "Polanco Nunez, Yoel Estarling"]
[WhiteFideId "5101018"]
[BlackFideId "6401783"]
[WhiteElo "2176"]
[BlackElo "2132"]
[Result "1-0"]
[Round "02"]
[TimeControl "180+2"]
[Date "2023.03.28"]
[WhiteClock "0:00:20"]
[BlackClock "0:00:14"]

1. e4 e5 2. Nf3 Nc6 3. Bb5 a6 4. Bxc6 dxc6 5. O-O Ne7 6. Nxe5 Qd4 7. Qh5 g6 8. Qg5 Bg7 9. Nf3 h6 10. Qxe7+ Kxe7 11. Nxd4 Bxd4 12. c3 Bg7 13. d4 b6 14. Bf4 Kd8 15. Nd2 Be6 16. Rfe1 Kc8 17. Nf3 Kb7 18. h3 Rad8 19. Be5 f6 20. Bg3 Rhe8 21. b3 Bg8 22. Rad1 g5 23. Nd2 Bh7 24. f3 Rd7 25. Nc4 h5 26. h4 g4 27. Kf2 gxf3 28. gxf3 Bh6 29. Ne3 Rg7 30. Rg1 Reg8 31. Bh2 Rxg1 32. Rxg1 Rxg1 33. Bxg1 Bxe3+ 34. Kxe3 Kc8 35. Bh2 Kd7 36. c4 Bg6 37. f4 f5 38. e5 Bf7 39. Bg3 Ke6 40. Kd3 Kd7 41. Kc3 a5 42. a3 Be6 43. b4 axb4+ 44. Kxb4 Kc8 45. a4 Kb7 46. c5 Ka6 47. cxb6 cxb6 48. Bf2 Bd5 49. Be3 Be4 50. Bc1 Bd5 51. Ba3 Ba2 52. a5 bxa5+ 53. Kc5 Kb7 54. Kd6 Bd5 55. Kd7 Kb6 56. Bc5+ Kb5 57. e6 Bxe6+ 58. Kxe6 a4 59. Kxf5 Kc4 60. Ke5 1-0


[Site "https://www.chess.com"]

[Event "Titled Tuesday Blitz March 28 Early 2023"]
[White "Sliwicki, Damian"]
[Black "Lehtosaari, Mauri"]
[WhiteFideId "1127128"]
[BlackFideId "501999"]
[WhiteElo "2030"]
[BlackElo "2516"]
[Result "1-0"]
[Round "02"]
[TimeControl "180+2"]
[Date "2023.03.28"]
[WhiteClock "0:00:06"]
[BlackClock "0:00:01"]

1. e4 d5 2. exd5 Qxd5 3. Nf3 Bg4 4. Be2 Nc6 5. O-O O-O-O 6. d4 Bxf3 7. Bxf3 Qxd4 8. Qe2 Nf6 9. Bxc6 bxc6 10. Qa6+ Kd7 11. Be3 Qd6 12. Nc3 Ke8 13. Rad1 Nd5 14. Ne4 Qg6 15. c4 Nb6 16. Rxd8+ Kxd8 17. Rd1+ Ke8 18. Bxb6 f6 19. Nc5 Qf5 20. Bxa7 Kf7 21. h3 g6 22. Qxc6 Bh6 23. Qxc7 Ra8 24. Bb6 Rxa2 25. Re1 Bf8 26. Ne4 Qh5 27. Bd4 Ra8 28. b4 f5 29. Nd6+ 1-0


[Site "https://www.chess.com"]

[Event "Titled Tuesday Blitz March 28 Early 2023"]
[White "Petukhov, Dmitry"]
[Black "Sawyer, Bradley"]
[WhiteFideId "4142748"]
[BlackFideId "2023784"]
[WhiteElo "2311"]
[BlackElo "2329"]
[Result "0-1"]
[Round "02"]
[TimeControl "180+2"]
[Date "2023.03.28"]
[WhiteClock "0:00:53"]
[BlackClock "0:00:09"]

1. e4 e5 2. Nf3 Nc6 3. Bb5 a6 4. Ba4 Nf6 5. O-O Be7 6. Re1 b5 7. Bb3 O-O 8. h3 Bb7 9. c3 d5 10. exd5 Nxd5 11. d4 exd4 12. cxd4 Bf6 13. Nc3 Nce7 14. Bg5 Bxg5 15. Nxg5 h6 16. Nge4 Nxc3 17. bxc3 Bd5 18. Nc5 Ng6 19. Qh5 Bxb3 20. axb3 Qd6 21. Qf5 Rfe8 22. Qf3 Rxe1+ 23. Rxe1 c6 24. Qe4 a5 25. Ra1 Nf4 26. Nb7 Qc7 27. Rxa5 Rxa5 28. Nxa5 Qxa5 29. Qxf4 Qxc3 30. Qe5 Qxb3 31. Qe8+ Kh7 32. Kh2 Qd5 33. Qe7 Qxd4 34. Qxf7 Qe5+ 35. g3 b4 36. h4 c5 37. h5 Qe4 38. f3 Qc2+ 39. Kh3 c4 40. f4 b3 41. f5 Qe4 42. f6 Qf5+ 43. g4 Qxf6 44. Qxc4 b2 45. Qc2+ Kg8 46. Qb3+ Kf8 47. Qb8+ Ke7 48. Qb7+ Kd6 49. Qb4+ Kd5 50. Qb5+ Ke4 51. Qc6+ Ke3 52. Qc5+ Qd4 53. Qa3+ Kd2 54. Qa2 Kc1 55. Qa3 Kc2 56. Qa2 Qe3+ 57. Kh4 Qb3 58. Qa5 b1=Q 59. Qf5+ Qd3 60. Qc5+ Kd1 61. Qg1+ Kd2 62. Qf2+ Qe2 63. Qf4+ Kd1 64. Qa4+ Qbc2 65. Qa1+ Kd2 66. Qd4+ Qcd3 67. Qb2+ Ke1 68. Qc1+ Qed1 69. Qf4 Qd8+ 70. Kh3 Q1d3+ 71. Kg2 Q8d5+ 72. Kh2 Qd6 73. Kh1 Qxf4 74. g5 Qdf1# 0-1


[Site "https://www.chess.com"]

[Event "Titled Tuesday Blitz March 28 Early 2023"]
[White "Jiganchine, Roman"]
[Black "Alinasab, Mobina"]
[WhiteFideId "2603667"]
[BlackFideId "12528897"]
[WhiteElo "2328"]
[BlackElo "2141"]
[Result "0-1"]
[Round "02"]
[TimeControl "180+2"]
[Date "2023.03.28"]
[WhiteClock "0:00:01"]
[BlackClock "0:00:49"]

1. e4 c5 2. Nf3 e6 3. g3 Nc6 4. Bg2 d6 5. O-O Nf6 6. Re1 Be7 7. c3 O-O 8. d4 e5 9. h3 Re8 10. d5 Nb8 11. a4 Rf8 12. a5 Ne8 13. Nbd2 f5 14. Nc4 fxe4 15. Nfd2 Nf6 16. Nxe4 Nxe4 17. Bxe4 Nd7 18. Be3 Nf6 19. Bg2 Bf5 20. Bxc5 Qc7 21. Ne3 Be4 22. Bb4 Bxg2 23. Kxg2 Ne4 24. f3 Ng5 25. Rf1 Qd7 26. g4 g6 27. h4 Nf7 28. h5 Ng5 29. c4 Rf4 30. Bc3 Raf8 31. hxg6 hxg6 32. Nf5 gxf5 33. Bd2 fxg4 34. Bxf4 Rxf4 35. Qd3 gxf3+ 36. Rxf3 e4 0-1


[Site "https://www.chess.com"]

[Event "Titled Tuesday Blitz March 28 Early 2023"]
[White "Prudnykova, Olga"]
[Black "Arias, Juan Cruz"]
[WhiteFideId "14121093"]
[BlackFideId "118540"]
[WhiteElo "2113"]
[BlackElo "2243"]
[Result "0-1"]
[Round "02"]
[TimeControl "180+2"]
[Date "2023.03.28"]
[WhiteClock "0:00:07"]
[BlackClock "0:00:49"]

1. e4 c6 2. d4 d5 3. exd5 cxd5 4. c4 Nf6 5. Nc3 Nc6 6. Nf3 a6 7. c5 Ne4 8. Be3 g6 9. h3 Bg7 10. Bd3 Bf5 11. O-O O-O 12. Re1 e6 13. Bf1 h5 14. Rc1 Re8 15. Qa4 Qd7 16. Nh2 e5 17. dxe5 d4 18. Nxe4 dxe3 19. Nd6 exf2+ 20. Kxf2 Bxe5 21. Nf3 Bxd6 22. cxd6 Qxd6 23. Red1 Qc7 24. Qb3 Rad8 25. Kg1 Rxd1 26. Rxd1 Rd8 27. Re1 Be6 28. Qc3 Qb6+ 29. Kh1 Qb4 30. Qf6 Qe7 31. Qc3 Qd7 32. Ng5 Bd5 33. Bc4 Bxc4 34. Qxc4 Qd5 35. Qc1 Qd2 36. Re8+ Kg7 37. Qxd2 Rxd2 38. Rc8 Rd7 39. Kg1 Kf6 40. Ne4+ Ke5 41. Nc5 Re7 42. a3 Kd5 43. Nxa6 bxa6 44. Ra8 a5 45. Ra6 Rb7 0-1


[Site "https://www.chess.com"]

[Event "Titled Tuesday Blitz March 28 Early 2023"]
[White "Girya, Olga"]
[Black "Mrudul Dehankar"]
[WhiteFideId "4195752"]
[BlackFideId "25096990"]
[WhiteElo "2263"]
[BlackElo "2139"]
[Result "1-0"]
[Round "02"]
[TimeControl "180+2"]
[Date "2023.03.28"]
[WhiteClock "0:02:18"]
[BlackClock "0:00:15"]

1. d4 Nf6 2. Nf3 e6 3. c4 Bb4+ 4. Bd2 Qe7 5. g3 Nc6 6. Nc3 Bxc3 7. Bxc3 Ne4 8. Rc1 Nxc3 9. Rxc3 d6 10. d5 Nb8 11. dxe6 fxe6 12. Bg2 O-O 13. O-O Nc6 14. c5 e5 15. cxd6 cxd6 16. Nd2 Nd4 17. e3 Nb5 18. Qb3+ 1-0


[Site "https://www.chess.com"]

[Event "Titled Tuesday Blitz March 28 Early 2023"]
[White "BeReal24"]
[Black "koncheto"]
[WhiteElo "2315"]
[BlackElo "2512"]
[Result "1-0"]
[Round "02"]
[TimeControl "180+2"]
[Date "2023.03.28"]
[WhiteClock "0:00:27"]
[BlackClock "0:00:02"]

1. e4 c5 2. Nf3 d6 3. d4 cxd4 4. Nxd4 Nf6 5. Nc3 Nc6 6. Bg5 e6 7. Qd3 a6 8. O-O-O Be7 9. Nxc6 bxc6 10. Qg3 Qa5 11. h4 O-O 12. Bd3 e5 13. Bc4 Be6 14. Bxe6 fxe6 15. Qh3 Kf7 16. Kb1 Rab8 17. Ka1 d5 18. exd5 exd5 19. Rhe1 e4 20. f3 Rxb2 21. fxe4 Rfb8 22. exd5 Bb4 23. Qe6+ Kf8 24. Bxf6 Rxa2+ 25. Nxa2 gxf6 26. Qxf6+ Kg8 27. Qg5+ Kh8 28. Qe5+ Kg8 29. Qxb8+ 1-0


[Site "https://www.chess.com"]